Map: Proxima Station LE

Players

rakadou - Winner!

  • Race: Protoss Protoss
  • League: Platinum
  • Spawn Location: 1:00

Fropez

  • Race: Protoss Protoss
  • League: Platinum
  • Spawn Location: 7:00

VOD

Have the link to the VOD?

Description

Time

  • Played on: Jan. 25, 2017, 8:36 p.m.
  • Length: 13:05
Show
View Real Time Build Order
Export as new Build Order

rakadou Protoss - Winner!

Build Orders:  

Get SALT Encoding   

  12  0:04  Probe (Chrono Boost)  
  13  0:14  Probe (Chrono Boost)  
  14  0:24  Pylon  
  14  0:25  Probe (Chrono Boost)  
  16  0:42  Probe (Chrono Boost)  
  16  0:44  Assimilator  
  16  0:48  Assimilator  
  16  0:52  Gateway  
  16  0:55  Probe (Chrono Boost)  
  17  1:05  Probe (Chrono Boost)  
  17  1:09  Gateway  
  18  1:17  Probe (Chrono Boost)  
  19  1:30  Probe (Chrono Boost)  
  20  1:53  Cybernetics Core  
  20  2:00  Probe (Chrono Boost)  
  21  2:10  Probe (Chrono Boost)  
  22  2:18  Warp Gate  
  22  2:27  Probe (Chrono Boost)  
  23  2:35  Pylon  
  23  2:53  Stalker x2  
  23  2:57  Mothership Core (Chrono Boost)  
  29  3:03  Pylon  
  29  3:10  Robotics Facility  
  29  3:16  Probe (Chrono Boost)  
  30  3:26  Adept x2  
  35  3:41  Probe (Chrono Boost)  
  35  4:08  Observer  
  37  4:17  Probe (Chrono Boost)  
  37  4:20  Stargate  
  37  4:22  Stalker  
  39  4:30  Pylon  
  39  4:36  Nexus  
  37  5:10  Void Ray  
  37  5:14  Pylon  
  41  5:18  Assimilator  
  41  5:19  Assimilator  
  41  5:20  Probe (Chrono Boost)  
  42  5:24  Pylon  
  42  5:32  Probe (Chrono Boost)  
  43  5:41  Stalker x2  
  47  5:44  Probe (Chrono Boost)  
  47  5:47  Void Ray  
  48  5:56  Probe (Chrono Boost)  
  54  6:04  Probe (Chrono Boost)  
  54  6:08  Probe (Chrono Boost)  
  55  6:16  Stalker  
  55  6:17  Stalker  
  54  6:24  Void Ray  
  48  6:26  Immortal  
  48  6:27  Probe (Chrono Boost)  
  48  6:28  Probe (Chrono Boost)  
  58  6:39  Probe (Chrono Boost)  
  60  6:40  Probe (Chrono Boost)  
  60  6:44  Stalker  
  62  6:48  Sentry  
  62  6:51  Probe (Chrono Boost)  
  62  6:52  Probe (Chrono Boost)  
  66  7:03  Probe (Chrono Boost)  
  66  7:04  Probe (Chrono Boost)  
  68  7:15  Probe (Chrono Boost)  
  70  7:16  Probe (Chrono Boost)  
  56  8:10  Void Ray  
  56  8:11  Observer  
  61  8:32  Probe (Chrono Boost)  
  62  8:40  Gateway  
  60  8:42  Gateway  
  60  8:44  Nexus  
  60  8:45  Pylon  
  60  8:46  Stalker x2  
  60  8:47  Pylon  
  62  8:49  Pylon  
  58  9:06  Void Ray  
  58  9:08  Immortal  
  58  9:15  Stalker x2  
  70  9:21  Probe x2 (Chrono Boost)  
  72  9:38  Gateway  
  72  9:41  Gateway  
  72  9:42  Probe x2 (Chrono Boost)  
  74  9:45  Twilight Council  
  76  9:54  Probe x2 (Chrono Boost)  
  76  9:55  Stalker x3  
  76  9:56  Stalker  
  76  9:57  Observer  
  76  9:58  Probe (Chrono Boost)  
  86  10:06  Probe x2 (Chrono Boost)  
  88  10:12  Probe (Chrono Boost)  
  89  10:18  Probe (Chrono Boost)  
  89  10:19  Immortal  
  89  10:20  Mothership Core (Chrono Boost)  
  89  10:21  Void Ray  
  92  10:23  Probe (Chrono Boost)  
  101  10:30  Probe (Chrono Boost)  
  101  10:33  Probe (Chrono Boost)  
  103  10:39  Probe (Chrono Boost), Assimilator  
  104  10:43  Blink, Assimilator  
  104  10:45  Pylon  
  104  10:51  Stalker x2  
  104  10:53  Stalker  
  110  11:02  Stalker x2  
  106  11:06  Void Ray  
  110  11:20  Stalker  
  110  11:21  Stalker  
  110  11:22  Zealot  
  116  11:29  Stalker x2  
  121  11:33  Probe (Chrono Boost)  
  121  11:36  Probe (Chrono Boost)  
  121  11:38  Probe (Chrono Boost)  
  123  11:40  Stalker  
  123  11:46  Pylon  
  117  11:57  Stalker x2  
  117  11:58  Stalker  
  117  12:00  Stalker  
  125  12:14  Stalker x2  
  129  12:17  Pylon  
  129  12:19  Pylon  
  129  12:21  Pylon  
Show
View Real Time Build Order
Export as new Build Order

Fropez Protoss 

Build Orders: 1 Gate Expand 

Get SALT Encoding   

  12  0:02  Probe (Chrono Boost)  
  13  0:12  Probe (Chrono Boost)  
  14  0:23  Pylon  
  14  0:24  Probe (Chrono Boost)  
  15  0:41  Probe (Chrono Boost), Gateway  
  16  0:50  Assimilator  
  16  0:52  Probe (Chrono Boost)  
  17  1:02  Probe (Chrono Boost)  
  18  1:08  Pylon  
  18  1:13  Probe (Chrono Boost)  
  19  1:19  Pylon  
  19  1:29  Pylon  
  19  1:40  Nexus  
  19  1:42  Probe (Chrono Boost)  
  20  1:50  Cybernetics Core  
  20  1:53  Probe (Chrono Boost)  
  21  2:01  Assimilator  
  21  2:04  Probe (Chrono Boost)  
  22  2:14  Warp Gate  
  21  2:26  Adept  
  21  2:27  Probe (Chrono Boost)  
  24  2:33  Pylon  
  24  2:41  Mothership Core (Chrono Boost)  
  26  2:52  Gateway  
  26  2:53  Probe (Chrono Boost)  
  27  2:59  Adept  
  27  3:00  Probe (Chrono Boost)  
  27  3:03  Probe (Chrono Boost)  
  31  3:09  Gateway  
  32  3:12  Probe (Chrono Boost)  
  32  3:20  Probe (Chrono Boost)  
  32  3:26  Adept, Pylon  
  35  3:29  Probe (Chrono Boost)  
  36  3:40  Twilight Council  
  36  3:41  Adept  
  38  4:02  Probe (Chrono Boost)  
  40  4:03  Probe (Chrono Boost)  
  36  4:18  Probe (Chrono Boost)  
  36  4:19  Probe (Chrono Boost)  
  36  4:21  Stalker x3  
  36  4:22  Resonating Glaives  
  44  4:30  Pylon  
  44  4:35  Pylon  
  44  4:45  Probe (Chrono Boost)  
  46  4:46  Probe (Chrono Boost)  
  46  4:57  Stalker x3  
  52  5:04  Gateway  
  52  5:20  Probe (Chrono Boost)  
  54  5:21  Probe (Chrono Boost)  
  54  5:23  Assimilator  
  54  5:24  Adept x3  
  60  5:29  Pylon  
  60  5:48  Adept x3  
  60  5:49  Probe (Chrono Boost)  
  68  5:51  Probe (Chrono Boost)  
  68  5:56  Forge  
  68  6:00  Probe (Chrono Boost), Robotics Facility  
  68  6:03  Probe (Chrono Boost)  
  70  6:16  Protoss Ground Weapons Level 1  
  60  6:27  Stalker x4  
  60  6:29  Probe (Chrono Boost)  
  60  6:30  Probe (Chrono Boost)  
  70  6:37  Forge  
  70  6:40  Probe (Chrono Boost)  
  70  6:42  Probe (Chrono Boost)  
  72  6:49  Blink  
  72  6:50  Assimilator  
  72  6:51  Probe (Chrono Boost)  
  72  6:53  Observer  
  75  6:54  Probe (Chrono Boost)  
  75  7:01  Probe (Chrono Boost)  
  75  7:02  Pylon  
  75  7:06  Probe (Chrono Boost)  
  77  7:12  Probe (Chrono Boost)  
  77  7:15  Observer  
  78  7:22  Probe (Chrono Boost), Stalker x2  
  81  7:23  Stalker  
  83  7:30  Cybernetics Core  
  81  7:42  Pylon  
  81  7:45  Pylon  
  81  7:48  Pylon  
  81  7:57  Protoss Ground Weapons Level 2  
  79  8:00  Protoss Ground Armor Level 1  
  71  8:07  Stalker x3  
  71  8:08  Stalker  
  75  8:14  Warp Prism, Mothership Core (Chrono Boost)  
  75  8:19  Probe (Chrono Boost)  
  80  8:30  Probe (Chrono Boost)  
  80  8:33  Probe (Chrono Boost)  
  82  8:39  Nexus  
  80  8:43  Assimilator  
  80  8:45  Pylon  
  79  9:04  Stalker x2  
  79  9:05  Stalker x2  
  87  9:13  Probe x2 (Chrono Boost)  
  87  9:33  Stalker x4  
  97  9:39  Probe x2 (Chrono Boost)  
  97  9:51  Protoss Ground Armor Level 2, Probe (Chrono Boost)  
  98  9:52  Gateway  
  98  9:53  Protoss Ground Weapons Level 3  
  98  9:58  Gateway, Stalker  
  98  9:59  Pylon, Stalker x3  
  106  10:10  Assimilator  
  106  10:16  Observer  
  107  10:26  Gateway x2  
  107  10:29  Gateway  
  107  10:31  Gateway  
  107  10:35  Gateway, Zealot x3  
  111  10:36  Zealot  
  109  11:10  Pylon  
  109  11:12  Pylon  
  109  11:15  Pylon  
  108  11:26  Adept x3  
  108  11:27  Adept  
  108  11:33  Stalker  
  108  11:34  Stalker x3  
  116  11:43  Photon Cannon  
  112  11:48  Pylon, Nexus  
  112  11:51  Assimilator  
  102  11:55  Assimilator  
  102  11:56  Pylon  
  102  11:57  Adept x4  
  107  12:19  Stalker x2  
  107  12:20  Stalker x2  
  115  12:29  Stalker x5  
  107  12:46  Zealot x3  
  107  12:47  Zealot  
  95  12:53  Stalker x2  
  95  12:54  Stalker x3  
Tags
 
Add a new tag
Caveats
  • Supply blocks, unpowered buildings, or Contaminate may cause inaccurate times.
  • Supply counts are checked every 10 seconds.